 Dungeon Crawl Stone Soup version 0.28-a0-674-gdaf460b524 (webtiles) character file.

Game seed: 16396325677771215925

66 bande the Shield-Bearer (level 4, -2/28 HPs)
             Began as a Gargoyle Fighter on Oct 17, 2021.
             Slain by an orc wizard (4 damage)
             ... on level 3 of the Dungeon.
             The game lasted 00:02:27 (1643 turns).

bande the Shield-Bearer (Gargoyle Fighter)          Turns: 1643, Time: 00:02:28

Health: -2/28      AC: 11    Str: 21    XL:     4   Next: 15%
Magic:  4/4        EV:  9    Int:  8    God:
Gold:   76         SH:  0    Dex:  9    Spells: 3/3 levels left

rFire   . . .      SeeInvis .   a - +0 war axe
rCold   . . .      Faith    .   c - +0 buckler
rNeg    + . .      Spirit   .   b - +0 scale mail
rPois   ∞          Reflect  .   f - +0 helmet
rElec   +          Harm     .   (no cloak)
rCorr   .          Rampage  .   (no gloves)
Will    .....                   (no boots)
Stlth   ..........              (no amulet)
HPRegen 0.09/turn               (no ring)
MPRegen 0.09/turn               (no ring)

@: confused
A: sickness immunity, AC +3, negative energy resistance 1, electricity
resistance, torment resistance 1, petrification resistance
a: no special abilities


You were on level 3 of the Dungeon.
You visited 1 branch of the dungeon, and saw 3 of its levels.

You collected 76 gold pieces.

Inventory:

Hand Weapons
 a - a +0 war axe (weapon)
 j - a +1 vorpal flail
Armour
 b - a +0 scale mail (worn)
 c - a +0 buckler (worn)
 f - a +0 helmet (worn)
Scrolls
 e - a scroll of fog {unknown}
 l - a scroll of amnesia {unknown}
Potions
 d - 2 potions of might
 g - a potion of cancellation {unknown}
 h - a potion of curing {unknown}
 i - 2 potions of heal wounds {unknown}
 k - a potion of ambrosia {unknown}
 m - a potion of lignification {unknown}


   Skills:
 + Level 3.6 Fighting
 + Level 2.6 Axes
 + Level 3.8 Armour
 + Level 4.0 Shields


You had 3 spell levels left.
You didn't know any spells.
Your spell library contained the following spells:

 Spells                   Type           Power      Damage    Failure   Level
 Animate Skeleton         Necr           0%         N/A       75%         1
 Pain                     Necr           0%         1d4       75%         1
 Vampiric Draining        Necr           0%         2d6       98%         3


Dungeon Overview and Level Annotations

Branches:
Dungeon (3/15)

Altars:

Shops:
D:2 *


Innate Abilities, Weirdness & Mutations

You are immune to sickness and miasma.
Your stone body is resilient. (AC +3)
You are immune to poison.
You resist negative energy. (rN+)
You are resistant to electric shocks. (rElec)
You are resistant to unholy torment.
You are immune to petrification.


Message History

a +0 club; 3 boomerangs Unknown command.
Something hits you but does no damage.
You barely miss something. You hit the orc wizard.
You hit the dart slug but do no damage.
The orc wizard hits you but does no damage.
The dart slug launches a dart at you. You block the slug dart.
Something hits you.
Unknown command.
You barely miss something. You hit the dart slug but do no damage.
You hit the orc wizard.
The orc wizard hits you but does no damage.
Something hits you but does no damage. The dart slug barely misses you.
The orc wizard points at you and mumbles some strange words.
You resist with some effort.
Unknown command.
You closely miss something. You miss the orc wizard. You hit the dart slug.
You block something's attack.
The dart slug bites you but does no damage.
The orc wizard hits you but does no damage.
Something hits you but does no damage.
You slash something! You miss the orc wizard. You slash the dart slug!
You kill the dart slug!
The orc wizard gestures at you while chanting.
You are confused.
Something hits you!
Unknown command.
You completely miss something. You miss the orc wizard.
The orc wizard hits you with a +0 dagger.
Something hits you but does no damage.
The orc wizard hits you but does no damage.
Unknown command.
You closely miss the orc wizard.
The orc wizard is moderately wounded.
You barely miss something. Something hits you.
The orc wizard points at you and mumbles some strange words.
The puff of flame hits you!
* * * LOW HITPOINT WARNING * * *
Something hits you.
You die...

##.. #..##..#..#
.........###.........###
.......................#
...........#.>#..##......
..........#......#..≈≈≈≈≈
..............##.#....≈≈≈
.........###...#.# 8....
.......†{##....#.# .(≈≈≈
.......o@....#...... ≈≈≈≈
.......†....).##.#..
.#.........?...#.#
###...........###
#.#?........#
#.#.........# #
#........... ....[.....#.


You could see an orc wizard.

Vanquished Creatures
  An adder (D:3)
  A worm (D:2)
  A dart slug (D:3)
  An orc (D:3)
  An endoplasm (D:2)
  2 giant cockroaches
  4 goblins
  6 hobgoblins
  2 jackals (D:2)
  9 kobolds
  A quokka (D:1)
  5 ball pythons
  7 bats
  5 frilled lizards
  3 rats
49 creatures vanquished.

Notes
Turn   | Place    | Note
-------+----------+-------------------------------------------
     0 | D:1      | bande the Gargoyle Fighter began the quest for the Orb.
     0 | D:1      | Reached XP level 1. HP: 14/14 MP: 1/1
   242 | D:1      | You fall into a shaft and drop 1 floor!
   247 | D:2      | Reached XP level 2. HP: 11/19 MP: 2/2
   648 | D:2      | Found Bohaix's General Store.
   669 | D:2      | Reached XP level 3. HP: 23/23 MP: 3/3
  1452 | D:2      | Found a faded altar of an unknown god.
  1587 | D:3      | Reached skill level 4 in Shields
  1587 | D:3      | Reached XP level 4. HP: 28/28 MP: 4/4
  1643 | D:3      | Slain by an orc wizard

Illustrated notes

Levels and vault maps discovered:
D:1:      lemuel_arrival_tunnels, layout_basic
D:2:      layout_basic, serial_shops, nicolae_shop_trees,
          dreamdust_ecumenical_altar_hidden_monk_grotto, interstate_on_off,
          minmay_crystal_room
D:3:      layout_rooms, mainiacjoe_overflow_catwalk

Skill      XL: |  1  2  3 |
---------------+----------+-----
Axes           | 2 |  2.6
Shields        | 4 |  4.0
Fighting       | |  3.6
Armour         | |  3.8

Action                   |  1- 3 |  4- 6 || total
-------------------------+-------+-------++-------
Melee: War axe           |   101 |    16 ||   117
Armor: Scale mail        |    84 |    15 ||    99
Dodge: Dodged            |    43 |     4 ||    47
Block: Buckler           |    30 |     5 ||    35

Table legend: (Time is in decaauts)
 A = Elapsed time spent in this place.
 B = Non-inter-level travel time spent in this place.
 C = Inter-level travel time spent in this place.
 D = Time resting spent in this place.
 E = Time spent auto-exploring this place.
 F = Levels seen in this place.
 G = Mean time per level.
                   A        B        C        D        E       F      G
               +--------+--------+--------+--------+--------+-----+--------+
         Total |   1690 |   1677 |     13 |    166 |   1207 |   3 |  563.3 |
       Dungeon |   1690 |   1677 |     13 |    166 |   1207 |   3 |  563.3 |
               +--------+--------+--------+--------+--------+-----+--------+

Top non-repeatable levels by time:
     D:2: 917 daAuts
     D:1: 656 daAuts
     D:3: 116 daAuts
